 Dungeon Sprint DCSS version 0.30-a0-219-gf2db51d15e (webtiles) character file.

Game seed: 7987673098480727553

1818 rocky1 the Nimble (level 9, 0/106 HPs)
             Began as a Djinni Gladiator on Oct 8, 2022.
             Was a Priest of Okawaru.
             Slain by a sun demon (19 damage)
             ... summoned by an orc high priest
             ... in the Dungeon (Sprint VII: "The Pits").
             The game lasted 00:07:48 (1751 turns).

rocky1 the Nimble (Djinni Gladiator)                Turns: 1751, Time: 00:07:48

Health: 0/106      AC: 16    Str: 13    XL:     9   Next: 32%
Gold:   0          EV: 13    Int: 16    God:    Okawaru [***...] SH:  0 Dex: 16

rFire   + + .      SeeInvis .    p - +2 scimitar (holy)
rCold   x . .      Faith    .    (no shield)
rNeg    . . .      Spirit   .    r - +4 scale mail
rPois   ∞          Reflect  .    c - +0 helmet
rElec   .          Harm     .    (no cloak)
rCorr   .          Rampage  .    (no gloves)
Will    .....      NoTele   +    (boots unavailable)
Stlth   ..........               (no amulet)
HPRegen 0.37/turn                m - +3 ring of protection
MPRegen 0.00/turn                i - +3 ring of intelligence

@: berserking, flying, very quick
A: sickness immunity, fire resistance 2, cold vulnerability 1, float, innate
caster, HP casting, extra vitality 1
a: Renounce Religion, Heroism


You were in the Dungeon.
You worshipped Okawaru.
Okawaru was most pleased with you.
You visited 1 branch

Inventory:

Hand Weapons
 l - a +0 long sword of flaming
 p - a +2 scimitar of holy wrath (weapon)
 q - a +2 rapier of venom
Missiles
 d - 3 throwing nets (quivered)
 e - a javelin
Armour
 c - a +0 helmet (worn)
 r - a +4 scale mail (worn)
Jewellery
 i - a +3 ring of intelligence (right hand)
 m - a +3 ring of protection (left hand)
Scrolls
 j - a scroll of blinking
Potions
 f - 7 potions of curing
 g - 9 potions of heal wounds
 h - a potion of haste
 k - 2 potions of invisibility
 n - a potion of berserk rage
 o - a potion of brilliance


   Skills:
 + Level 8.4 Fighting
 + Level 8.1 Long Blades
 - Level 1.5 Throwing
 + Level 8.1 Armour
 + Level 9.6 Dodging
 + Level 7.4 Stealth
 + Level 4.2 Spellcasting
 + Level 5.6 Invocations


You had 7 spell levels left.
You knew the following spells:

 Your Spells              Type           Power      Damage    Failure   Level
a - Foxfire               Conj/Fire      64%        2x1d7     11%         1
b - Wereblood             Tmut           16%        N/A       16%         2
c - Passwall              Tmut/Erth      13%        N/A       16%         2
d - Petrify               Tmut/Erth      16%        N/A       71%         4
Your spell library was empty.

Dungeon Overview and Level Annotations

Branches:
Dungeon (1/1)

Altars:
Ashenzari
Cheibriados
Dithmenos
Elyvilon
Fedhas
Gozag
Hepliaklqana
Makhleb
Nemelex Xobeh
Okawaru
Qazlal
Ru
Trog
Uskayaw
Wu Jian
Xom
Yredelemnul
Zin
The Shining One
Jiyva
Lugonu


Innate Abilities, Weirdness & Mutations

You are immune to sickness and miasma.
You are immune to poison.
Your flesh is very heat resistant. (rF++)
You are vulnerable to cold. (rC-)
You float through the air rather than walking.
You learn spells naturally, not from books.
Your magical power is your life essence.
You have superior vitality. (+4 MHP)


Message History

You are engulfed in flames.
You resist.
* * * LOW HITPOINT WARNING * * *
You feel much better. The sun demon hits you!
You are engulfed in flames.
You resist.
* * * LOW HITPOINT WARNING * * *
The orc high priest utters an invocation to Beogh.
The orc hits you with a +0 morningstar!
* * * LOW HITPOINT WARNING * * *
Unknown command.
You feel better. The sun demon barely misses you.
The orc high priest hits you but does no damage.
The orc closely misses you. The hellwing barely misses you. x2
You feel much better. The sun demon hits you!
You are engulfed in flames.
You resist. The orc closely misses you. The orc high priest misses you.
The hellwing closely misses you. The hellwing misses you.
Unknown command.
A red film seems to cover your vision as you go berserk!
You feel yourself moving faster!
You feel mighty! The sun demon closely misses you.
The orc hits you but does no damage.
The orc high priest calls upon Beogh to heal the orc.
The orc's wounds heal themselves!
The hellwing completely misses you. The hellwing hits you.
Unknown command.
You barely miss the orc high priest.
The orc high priest is moderately wounded.
The sun demon hits you.
You are engulfed in flames.
You resist. The orc hits you but does no damage.
The orc high priest hits you but does no damage.
You hit the orc high priest.
The orc high priest is moderately wounded.
The sun demon hits you!
* * * LOW HITPOINT WARNING * * *
You are engulfed in flames.
You resist.
* * * LOW HITPOINT WARNING * * *
The hellwing hits you but does no damage.
The hellwing barely misses you.
You slash the orc high priest!
The orc high priest is severely wounded.
The sun demon hits you!!
You die...

...).'................+
'#####......#..#......#
....##................#
###'#####+#####''######
)...##.......##''### ###
))..##.......##....##..+
#'####.......##...##...#
....##...<...##.4##...#
....##.......##.@#s..#
....##.......##3ooo.#
######.......##.##o.#
.#..############# 4.+
.#.########### ..#
.#†#....#.[.[# ..#
.#)#....#...[# #..
.#.'....'..))# #..
.#'#..).#...)# .o


You could see an orc high priest, a sun demon (summoned), a hellwing (summoned),
a red devil (summoned), an orc warrior and 2 orcs.

Vanquished Creatures
  A deep elf zephyrmancer (D)
  A red devil (D)
  A guardian mummy (D)
  Prince Ribbit (D)
  A spriggan (D)
  A warg (D)
  A water moccasin (D)
  A floating eye (D)
  A sky beast (D)
  A scorpion (D)
  A gnoll bouda (D)
  Jessica (D)
  An orc wizard (D)
  4 gnolls (D)
  An ufetubus (D)
  6 orcs (D)
  3 endoplasms (D)
  2 giant cockroaches (D)
  2 hobgoblins (D)
  2 ball python zombies (D)
  A bat (D)
  2 goblins (D)
36 creatures vanquished.

Notes
Turn   | Place    | Note
-------+----------+-------------------------------------------
     0 | D        | rocky1 the Djinni Gladiator began the quest for the Orb.
     0 | D        | Reached XP level 1. HP: 18/18 MP: 0/0
    46 | D        | Found a bloodstained altar of Trog.
    46 | D        | Found a viscous altar of Jiyva.
    46 | D        | Found a hazy altar of Hepliaklqana.
    46 | D        | Found an opulent altar of Gozag.
    47 | D        | Found a glowing golden altar of the Shining One.
    47 | D        | Found a glowing silver altar of Zin.
    47 | D        | Found a basalt altar of Yredelemnul.
    47 | D        | Found a shimmering altar of Xom.
    47 | D        | Found an ornate altar of the Wu Jian Council.
    47 | D        | Found a sacrificial altar of Ru.
    47 | D        | Found a stormy altar of Qazlal.
    47 | D        | Found an iron altar of Okawaru.
    47 | D        | Found a sparkling altar of Nemelex Xobeh.
    47 | D        | Found a burning altar of Makhleb.
    47 | D        | Found a blossoming altar of Fedhas.
    47 | D        | Found a white marble altar of Elyvilon.
    47 | D        | Found a shadowy altar of Dithmenos.
    47 | D        | Found a snail-covered altar of Cheibriados.
    50 | D        | Found a corrupted altar of Lugonu.
    51 | D        | Found a hide-covered altar of Uskayaw.
    51 | D        | Found a broken altar of Ashenzari.
    60 | D        | Became a worshipper of Warmaster Okawaru
   101 | D        | Reached skill level 1 in Armour
   104 | D        | Reached skill level 1 in Stealth
   353 | D        | Noticed a floating eye
   355 | D        | Paralysed by a floating eye for 2 turns
   359 | D        | Reached XP level 2. HP: 19/24 MP: 0/0
   360 | D        | Killed a floating eye
   360 | D        | Reached * piety under Okawaru
   361 | D        | Reached skill level 5 in Dodging
   361 | D        | Reached XP level 3. HP: 25/31 MP: 0/0
   361 | D        | Learned a level 1 spell: Foxfire
   361 | D        | Reached XP level 4. HP: 31/38 MP: 0/0
   361 | D        | Reached XP level 5. HP: 34/42 MP: 0/0
   361 | D        | Learned a level 2 spell: Wereblood
   430 | D        | Noticed Prince Ribbit
   445 | D        | Killed Prince Ribbit
   446 | D        | Reached skill level 5 in Long Blades
   446 | D        | Reached skill level 5 in Armour
   446 | D        | Reached skill level 7 in Dodging
   446 | D        | Reached skill level 5 in Stealth
   446 | D        | Reached XP level 6. HP: 36/50 MP: 0/0
   711 | D        | Reached skill level 1 in Invocations
   715 | D        | Reached skill level 1 in Spellcasting
   717 | D        | Reached XP level 7. HP: 57/57 MP: 0/0
   717 | D        | Learned a level 2 spell: Passwall
   867 | D        | Reached ** piety under Okawaru
  1015 | D        | Noticed Jessica
  1015 | D        | Noticed a water moccasin
  1031 | D        | Killed a water moccasin
  1032 | D        | Reached skill level 8 in Dodging
  1050 | D        | Killed Jessica
  1271 | D        | Noticed a warg
  1272 | D        | Noticed a deep elf zephyrmancer
  1272 | D        | Noticed a red devil
  1304 | D        | Killed a warg
  1305 | D        | Reached XP level 8. HP: 54/64 MP: 0/0
  1310 | D        | Killed a deep elf zephyrmancer
  1474 | D        | Killed a red devil
  1475 | D        | Reached skill level 9 in Dodging
  1475 | D        | Reached skill level 5 in Invocations
  1475 | D        | Reached XP level 9. HP: 20/70 MP: 0/0
  1475 | D        | Learned a level 4 spell: Petrify
  1672 | D        | Noticed a guardian mummy
  1682 | D        | Killed a guardian mummy
  1682 | D        | Reached *** piety under Okawaru
  1723 | D        | Noticed an orc high priest
  1738 | D        | Noticed a sun demon
  1746 | D        | Noticed a red devil
  1746 | D        | Noticed a hellwing
  1751 | D        | Slain by a sun demon

Illustrated notes

Levels and vault maps discovered:
D:        pitsprint [storerooms_1, entrance_room_1, metal_vault_7, armoury_3,
          mini_pit_1, grid_room_1, main_hall_1, silver_pit, the_coven_1,
          the_vestibule_1, steel_vault_3, golden_pit, hallway_of_sentries,
          crystal_vault_3, iron_vault_2, final_vault]

Skill      XL: |  1  2  3  4  5  6  7  8  9 |
---------------+----------------------------+-----
Armour         | 1 3 5 6 7 8 |  8.1
Long Blades    | 3 4 5 6 7 8 |  8.1
Stealth        | 1 3 5 6 7 |  7.4
Fighting       | 4 6 7 8 |  8.4
Dodging        | 5 7 8 9 |  9.6
Invocations    | 1 3 5 |  5.6
Spellcasting   | 1 2 3 4 |  4.2
Throwing       | |  1.5

Action                   |  1- 3 |  4- 6 |  7- 9 || total
-------------------------+-------+-------+-------++-------
Melee: Long sword        |    20 |    26 |    48 ||    94
       Scimitar          |       |       |    43 ||    43
       Punch             |       |       |     2 ||     2
 Cast: Wereblood         |       |     1 |     2 ||     3
Invok: Heroism           |       |       |     1 ||     1
  Use: Potion            |     1 |     2 |     6 ||     9
 Stab: Sleeping          |       |       |     2 ||     2
Armor: Leather armour    |    10 |     8 |    10 ||    28
       Ring mail         |       |       |     4 ||     4
       Scale mail        |       |       |    18 ||    18
Dodge: Dodged            |    15 |    17 |    63 ||    95

Table legend: (Time is in decaauts)
 A = Elapsed time spent in this place.
 B = Non-inter-level travel time spent in this place.
 C = Inter-level travel time spent in this place.
 D = Time resting spent in this place.
 E = Time spent auto-exploring this place.
 F = Levels seen in this place.
 G = Mean time per level.
                   A        B        C        D        E       F      G
               +--------+--------+--------+--------+--------+-----+--------+
         Total |   1788 |   1653 |    135 |   1025 |      0 |   1 | 1788.0 |
       Dungeon |   1788 |   1653 |    135 |   1025 |      0 |   1 | 1788.0 |
               +--------+--------+--------+--------+--------+-----+--------+

Top non-repeatable levels by time:
       D: 1788 daAuts
